 Dungeon Crawl Stone Soup version 0.26-a0-1012-gedcf9b2963 (webtiles) character file.

Game seed: 1546956850346182195

91 Baldric the Slasher (level 4, -2/37 HPs)
             Began as a Human Berserker on Dec 7, 2020.
             Was a Believer of Trog.
             Slain by a goblin (3 damage)
             ... led by Robin
             ... on level 2 of the Dungeon.
             The game lasted 00:06:59 (1235 turns).

Baldric the Slasher (Human Berserker)               Turns: 1235, Time: 00:07:00

Health: -2/37      AC:  8    Str: 17    XL:     4   Next: 87%
Magic:  4/4        EV:  8    Int:  7    God:    Trog [**....]
Gold:   55         SH:  0    Dex: 14    Spells: 3/3 levels left

rFire    . . .     SeeInvis .   a - +0 falchion
rCold    . . .     Faith    .   (no shield)
rNeg     . . .     Spirit   .   j - +0 chain mail
rPois    .         Reflect  .   (no helmet)
rElec    .         Harm     .   (no cloak)
rCorr    .         Rampage  .   (no gloves)
Will     .....                  (no boots)
Stlth    ..........             (no amulet)
HPRegen  0.12/turn              (no ring)
MPRegen  0.09/turn              (no ring)

@: no status effects
A: no striking features
a: Berserk, Trog's Hand, Renounce Religion


You were on level 2 of the Dungeon.
You worshipped Trog.
Trog was pleased with you.
You visited 1 branch of the dungeon, and saw 2 of its levels.

You collected 55 gold pieces.

Inventory:

Hand Weapons
 a - a +0 falchion (weapon)
Armour
 b - a +0 animal skin
 h - a +0 ring mail
 j - a +0 chain mail (worn)
Scrolls
 c - 3 scrolls of identify {unknown}
 e - a scroll of enchant weapon {unknown}
 k - a scroll of fear {unknown}
Potions
 g - a potion of might {unknown}
 i - a potion of curing {unknown}
 l - a potion of attraction {unknown}


   Skills:
 + Level 3.8 Fighting
 + Level 4.1 Long Blades
 + Level 2.5 Armour
 + Level 2.2 Dodging
 + Level 0.3 Stealth


You had 3 spell levels left.
You didn't know any spells.
Your spell library was empty.

Dungeon Overview and Level Annotations

Branches:
Dungeon (2/15)

Altars:


Message History

The goblin hits you but does no damage.
You hit the hobgoblin.
You kill the hobgoblin!
Trog accepts your kill.
The goblin hits you but does no damage. x2
The giant cockroach bites you but does no damage.
The goblin closely misses you. The goblin barely misses you.
You riposte.
You slash the goblin!
You kill the goblin!
Trog accepts your kill. The goblin hits you but does no damage.
The giant cockroach bites you but does no damage.
The goblin barely misses you.
Things that are here:
a +0 club; a hobgoblin corpse The giant cockroach bites you.
* * * LOW HITPOINT WARNING * * *
The giant cockroach bites you but does no damage.
The goblin hits you.
You die... #.# #.# #....((# #.# gg. #.#.##(# #g# ###.### #.#..#.# #.# #.§§§.# #.##.#.# #<# #§§§g§# #.##.#.# #.# #§§§§§# #...((.# #.# #§§gg§# ###.#### #.##### #gBgg§#

#.# #...g.#
###@### #.#
#####.#
##.§§###### #.#
#.# #.........#
#.#
#.####...####.#
#.# #.).)...##
#.###.#
#########
#.....# #######


You could see a giant cockroach and 5 goblins.

Vanquished Creatures
  Natasha (D:2)
  Robin (D:2)
  An ooze (D:1)
  3 leopard geckos (D:1)
  4 bats
  2 giant cockroaches (D:1)
  9 goblins
  10 hobgoblins
  3 jackals (D:1)
  A quokka (D:2)
  2 kobolds (D:1)
  6 rats
43 creatures vanquished.

Notes
Turn   | Place    | Note
-------+----------+-------------------------------------------
     0 | D:1      | Baldric the Human Berserker began the quest for the Orb.
     0 | D:1      | Reached XP level 1. HP: 18/18 MP: 1/1
    54 | D:1      | Reached XP level 2. HP: 17/24 MP: 2/2
   291 | D:1      | Reached XP level 3. HP: 29/29 MP: 3/3
   400 | D:1      | Reached ** piety under Trog
   969 | D:2      | Noticed Natasha
   980 | D:2      | Killed Natasha
   981 | D:2      | Reached XP level 4. HP: 17/37 MP: 4/4
  1017 | D:2      | Reached skill level 4 in Long Blades
  1216 | D:2      | Noticed Robin
  1231 | D:2      | Killed Robin
  1234 | D:2      | HP: 1/37 [giant cockroach (1)]
  1235 | D:2      | Slain by a goblin

Illustrated notes

Levels and vault maps discovered:
D:1:      dpeg_arrival_orchard, layout_basic
D:2:      layout_loops_cross, uniq_natasha, uniq_robin

Skill      XL: |  1  2  3  4 |
---------------+-------------+-----
Long Blades    | 4 |  4.1
Fighting       | |  3.8
Armour         | |  2.5
Dodging        | |  2.2
Stealth        | |  0.3

Action                   |  1- 3 |  4- 6 || total
-------------------------+-------+-------++-------
Melee: Falchion          |    82 |    29 ||   111
  Use: Scroll            |       |     2 ||     2
 Stab: Sleeping          |     1 |       ||     1
Armor: Ring mail         |    14 |       ||    14
       Chain mail        |    13 |    46 ||    59
Dodge: Dodged            |    65 |    32 ||    97
       Rpst.: Falchion   |    25 |     8 ||    33

Table legend: (Time is in decaauts)
 A = Elapsed time spent in this place.
 B = Non-inter-level travel time spent in this place.
 C = Inter-level travel time spent in this place.
 D = Time resting spent in this place.
 E = Time spent auto-exploring this place.
 F = Levels seen in this place.
 G = Mean time per level.
                   A        B        C        D        E       F      G
               +--------+--------+--------+--------+--------+-----+--------+
         Total |   1247 |   1247 |      0 |      0 |      0 |   2 |  623.5 |
       Dungeon |   1247 |   1247 |      0 |      0 |      0 |   2 |  623.5 |
               +--------+--------+--------+--------+--------+-----+--------+

Top non-repeatable levels by time:
     D:1: 884 daAuts
     D:2: 363 daAuts
